cohdb
Replays
Latest Replays
All Replays
Popular Replays
Top Player Replays
Match Explorer
How It Works
Community
CoH3 Stats
Reddit
Sign in to upload your games and track your stats! →
Sign in with Steam
Match 41206018
Unlisted
Match 41206018
Overview
Messages
Build Orders
End
Kradschützen Motorcycle Team
Panzergrenadier Squad
Panzergrenadier Squad
250 Light Carrier
Construct Light Support Kompanie
MG34 Team
Selects Battlefield Espionage Battlegroup
Selects Intel Disruption Beacon
Fire Support Elements
Panzergrenadier Squad
Panzerjäger Squad
Construct Panzerarmee Kommand
Selects 250/3 Funkpanzerwagen
Panzer III L Medium Tank
2.5-tonne Medical Truck
Veteran Squad Leaders
JollyRoger
Buffallobang
DreAm
Der schöne Bob
Huzi
Hans Vader
0
0
Comments
sign in to comment!
No comments posted yet!